 Dungeon Crawl Stone Soup version 0.28.0-45-g0d030f2227 (webtiles) character file.

Game seed: 6896604289956589528

53 101zpm the Chiller (level 3, 0/26 HPs)
             Began as a Gnoll Ice Elementalist on Apr 21, 2022.
             Succumbed to an adder's poison
             ... on level 3 of the Dungeon.
             The game lasted 00:04:12 (1192 turns).

101zpm the Chiller (Gnoll Ice Elementalist)         Turns: 1192, Time: 00:04:12

Health: 0/26       AC:  2    Str:  7    XL:     3   Next: 89%
Magic:  7/9        EV: 13    Int: 16    God:
Gold:   26         SH:  0    Dex: 12    Spells: 5/12 levels left

rFire   . . .      SeeInvis .   b - +1 short sword (venom)
rCold   . . .      Faith    .   (no shield)
rNeg    . . .      Spirit   .   a - +0 robe
rPois   .          Reflect  .   (no helmet)
rElec   .          Harm     .   (no cloak)
rCorr   .          Rampage  .   (no gloves)
Will    .....                   (no boots)
Stlth   ++........              (no amulet)
HPRegen 0.08/turn               (no ring)
MPRegen 0.11/turn               (no ring)

@: lethally poisoned (0 -> -2)
A: fangs 1, strong nose, distributed training
a: no special abilities


You were on level 3 of the Dungeon.
You visited 1 branch of the dungeon, and saw 3 of its levels.

You collected 26 gold pieces.

Inventory:

Hand Weapons
 b - a +1 short sword of venom (weapon)
Armour
 a - a +0 robe (worn)
Wands
 c - a wand of mindburst (14)


   Skills:
 + Level 1.0 Fighting
 + Level 1.0 Short Blades
 + Level 1.0 Long Blades
 + Level 1.0 Axes
 + Level 1.0 Maces & Flails
 + Level 1.0 Polearms
 + Level 1.0 Staves
 + Level 1.0 Slings
 + Level 1.0 Bows
 + Level 1.0 Crossbows
 + Level 1.0 Throwing
 + Level 1.0 Armour
 + Level 4.6 Dodging
 + Level 4.2 Stealth
 + Level 1.0 Shields
 + Level 1.0 Unarmed Combat
 + Level 5.0 Spellcasting
 + Level 0.7 Conjurations
 + Level 0.7 Hexes
 + Level 0.7 Summonings
 + Level 0.7 Necromancy
 + Level 0.7 Translocations
 + Level 0.7 Transmutations
 + Level 0.7 Fire Magic
 + Level 7.1 Ice Magic
 + Level 0.7 Air Magic
 + Level 0.7 Earth Magic
 + Level 0.7 Poison Magic
 + Level 1.0 Invocations
 + Level 1.0 Evocations


You had 5 spell levels left.
You knew the following spells:

 Your Spells              Type           Power      Damage    Failure   Level
a - Freeze                Ice            100%       1d11      1%          1
b - Frozen Ramparts       Ice            52%        1d7       2%          3
c - Ozocubu's Armour      Ice            26%        N/A       2%          3

Your spell library contained the following spells:

 Spells                   Type           Power      Damage    Failure   Level
 Hailstorm                Conj/Ice       16%        3d6       30%         4


Dungeon Overview and Level Annotations

Branches:
Dungeon (3/15)

Altars:
Uskayaw

Annotations:
D:2 Robin


Innate Abilities, Weirdness & Mutations

You have very sharp teeth.
Your uncanny sense of smell can sniff out nearby items.
Your experience applies equally to all skills.


Message History

You are too injured to fight recklessly!
There is a lethal amount of poison in your body!
Aiming: Freeze (safe; 1% risk of failure)
Press: ? - help, Q - select action, (/) - cycle Shift-Dir - straight line, f - adder
Aim: an adder You freeze the adder.
The adder is severely wounded.
The adder seems to slow down.
* * * LOW HITPOINT WARNING * * *
You feel sick. The adder closely misses you.
Aiming: Freeze (safe; 1% risk of failure)
Press: ? - help, Q - select action, (/) - cycle Shift-Dir - straight line, f/p - adder
Aim: an adder (severely wounded, slow)
You freeze the adder!
You kill the adder!
* * * LOW HITPOINT WARNING * * *
You feel sick.
Your Fighting skill increases to level 1!
Your Short Blades skill increases to level 1!
Your Long Blades skill increases to level 1!
Your Axes skill increases to level 1!
Your Maces & Flails skill increases to level 1!
Your Polearms skill increases to level 1!
Your Staves skill increases to level 1!
Your Slings skill increases to level 1!
Your Bows skill increases to level 1!
Your Crossbows skill increases to level 1!
Your Throwing skill increases to level 1!
Your Armour skill increases to level 1!
Your Shields skill increases to level 1!
Your Unarmed Combat skill increases to level 1!
Your Evocations skill increases to level 1!
You aren't carrying any potions.
You aren't carrying any scrolls.
* * * LOW HITPOINT WARNING * * *
You feel sick.
* * * LOW HITPOINT WARNING * * *
You feel sick.
* * * LOW HITPOINT WARNING * * *
You feel sick.
You die...

#.##.....#..
####'##.##.####
#..........#
#..........#
#..........#
#....#.#...# #####
####+._..#.####
#.....#######.#.##(....(
+......@..†............>
#.....#######.#########.
..... #.# #. #... #.# #.
+.. #.# #. #[ #.# #. #
#.# #. #.# #. #.# #.


There were no monsters in sight!

Vanquished Creatures
  3 adders
  A dart slug (D:3)
  An orc (D:3)
  2 bats
  2 endoplasms (D:3)
  A giant cockroach (D:3)
  5 goblins (D:2)
  2 hobgoblins (D:2)
  2 kobolds
  3 ball pythons
  A rat (D:3)
23 creatures vanquished.

Notes
Turn   | Place    | Note
-------+----------+-------------------------------------------
     0 | D:1      | 101zpm the Gnoll Ice Elementalist began the quest for the
                  | Orb.
     0 | D:1      | Reached XP level 1. HP: 13/13 MP: 6/6
    16 | D:2      | Reached XP level 2. HP: 11/20 MP: 2/7
   589 | D:2      | Noticed Robin
   591 | D:2      | Reached XP level 3. HP: 24/25 MP: 7/9
   593 | D:2      | Reached skill level 5 in Spellcasting
   795 | D:3      | Learned a level 3 spell: Frozen Ramparts
   799 | D:3      | Learned a level 3 spell: Ozocubu's Armour
   860 | D:3      | Reached skill level 1 in Invocations
  1039 | D:3      | Found a hide-covered altar of Uskayaw.
  1189 | D:3      | Reached skill level 1 in Fighting
  1189 | D:3      | Reached skill level 1 in Short Blades
  1189 | D:3      | Reached skill level 1 in Long Blades
  1189 | D:3      | Reached skill level 1 in Axes
  1189 | D:3      | Reached skill level 1 in Maces & Flails
  1189 | D:3      | Reached skill level 1 in Polearms
  1189 | D:3      | Reached skill level 1 in Staves
  1189 | D:3      | Reached skill level 1 in Slings
  1189 | D:3      | Reached skill level 1 in Bows
  1189 | D:3      | Reached skill level 1 in Crossbows
  1189 | D:3      | Reached skill level 1 in Throwing
  1189 | D:3      | Reached skill level 1 in Armour
  1189 | D:3      | Reached skill level 1 in Shields
  1189 | D:3      | Reached skill level 1 in Unarmed Combat
  1189 | D:3      | Reached skill level 1 in Evocations
  1191 | D:3      | HP: 1/26 [poisoned by an adder]
  1192 | D:3      | Succumbed to an adder's poison

Illustrated notes

Levels and vault maps discovered:
D:1:      evilmike_arrival_hilbert_curve, layout_loops_cross,
          ebering_ecumenical_altar_webs
D:2:      layout_rooms, uniq_robin
D:3:      layout_basic, lemuel_crystal_altar, serial_shops, shop,
          nicolae_figureground_pulse

Skill      XL: |  1  2  3 |
---------------+----------+-----
Spellcasting   | 5 |  5.0
Invocations    | 1 |  1.0
Fighting       | 1 |  1.0
Short Blades   | 1 |  1.0
Long Blades    | 1 |  1.0
Axes           | 1 |  1.0
Maces & Flails | 1 |  1.0
Polearms       | 1 |  1.0
Staves         | 1 |  1.0
Slings         | 1 |  1.0
Bows           | 1 |  1.0
Crossbows      | 1 |  1.0
Throwing       | 1 |  1.0
Armour         | 1 |  1.0
Shields        | 1 |  1.0
Unarmed Combat | 1 |  1.0
Evocations     | 1 |  1.0
Dodging        | |  4.6
Stealth        | |  4.2
Conjurations   | |  0.7
Hexes          | |  0.7
Summonings     | |  0.7
Necromancy     | |  0.7
Translocations | |  0.7
Transmutations | |  0.7
Fire Magic     | |  0.7
Ice Magic      | |  7.1
Air Magic      | |  0.7
Earth Magic    | |  0.7
Poison Magic   | |  0.7

Action                   || total
-------------------------++-------
Melee: Short sword       ||    16
 Cast: Freeze            ||    30
 Stab: Sleeping          ||     2
Armor: Robe              ||     3
Dodge: Dodged            ||    24
